 Dungeon Crawl Stone Soup version 0.19.5 (webtiles) character file.

35 pps the Charlatan (level 3, -1/17 HPs)
             Began as a Spriggan Artificer on Mar 28, 2017.
             Slain by a goblin
             ... wielding a +0 dagger
              (2 damage)
             ... on level 1 of the Dungeon.
             The game lasted 00:04:43 (670 turns).

pps the Charlatan (Spriggan Artificer)               Turns: 670, Time: 00:04:44

Health: -1/17      AC:  2    Str:  9    XL:     3   Next: 16%
Magic:  7/7        EV: 18    Int: 12    God:
Gold:   25         SH:  0    Dex: 16    Spells: 0 memorised, 2 levels left

rFire  . . .     SeeInvis +     q - -2 dagger (curse)
rCold  . . .     Gourm    .     b - +0 robe
rNeg   . . .     Faith    .     (shield restricted)
rPois  .         Spirit   .     (helmet restricted)
rElec  .         Reflect  .     (no cloak)
rCorr  .         Harm     .     (gloves unavailable)
MR     .....                    (boots unavailable)
Stlth  ++........               (no amulet)
                                (no ring)
                                (no ring)

@: very quick
A: unfitting armour, see invisible, herbivore 3, speed 3, slow metabolism 2
a: no special abilities


You were on level 1 of the Dungeon.
You were not hungry.

You visited 1 branch of the dungeon, and saw 1 of its levels.

You collected 25 gold pieces.

Inventory:

Hand Weapons
 a - a +0 short sword
 q - a cursed -2 dagger (weapon)
Missiles
 g - 47 stones (quivered)
 k - 6 javelins
 m - 10 sling bullets
Armour
 b - a +0 robe (worn)
Jewellery
 h - an uncursed ring of see invisible {unknown}
 j - an uncursed amulet of rage {unknown}
 n - an uncursed ring of fire {unknown}
Wands
 c - a wand of flame (15/48)
 d - a wand of enslavement (15/24)
 e - a wand of random effects (15/48)
Scrolls
 i - a scroll of amnesia {unknown}
 l - a scroll of enchant weapon {unknown}
 o - a scroll of identify {unknown}
Potions
 p - a potion of ambrosia {unknown}
Comestibles
 f - a bread ration


   Skills:
 + Level 0.7 Fighting
 + Level 1.5 Short Blades
 + Level 0.6 Throwing
 + Level 3.2 Dodging
 + Level 1.7 Stealth
 + Level 5.2 Evocations


You had 2 spell levels left.
You didn't know any spells.

Dungeon Overview and Level Annotations

Branches:
Dungeon (1/15)

Altars:


Innate Abilities, Weirdness & Mutations

You are very small and have problems with some larger weapons.
You are too small for most types of armour.
You have supernaturally acute eyesight. (SInv)
You are a herbivore.
You cover ground extremely quickly.
You need consume almost no food.


Message History

The stone hits the goblin but does no damage.
The goblin is heavily wounded.
The goblin hits you but does no damage.
You closely miss the goblin.
The goblin is heavily wounded.
The goblin hits you with a dagger.
* * * LOW HITPOINT WARNING * * *
A bat comes into view.
You barely miss the goblin.
The goblin is heavily wounded.
The goblin hits you with a dagger.
* * * LOW HITPOINT WARNING * * *
A rat comes into view.
You barely miss the goblin.
The goblin is heavily wounded.
The goblin hits you but does no damage.
You closely miss the goblin.
The goblin is heavily wounded.
The goblin hits you with a dagger.
You die...

....[.# ######
....... #....#
.......
#....###.......
#....##........
#(...##........
###....##b.......
#......@gg(.....+
#.....###r...(..#
#.....# #.......#
#.....# #.......#
#.....# #.......#
#####†# #.....?.#
# #.# #........
## #.# #........
#. ########.###
##.


You could see 2 goblins, a bat and a rat.

Vanquished Creatures
  2 oozes (D:1)
  A dart slug (D:1)
  2 giant cockroaches (D:1)
  6 goblins (D:1)
  2 hobgoblins (D:1)
  A ball python (D:1)
  A bat (D:1)
  2 frilled lizards (D:1)
  6 kobolds (D:1)
23 creatures vanquished.

Notes
Turn   | Place    | Note
-------+----------+-------------------------------------------
     0 | D:1      | pps the Spriggan Artificer began the quest for the Orb.
     0 | D:1      | Reached XP level 1. HP: 9/9 MP: 4/4
   186 | D:1      | Reached XP level 2. HP: 14/14 MP: 6/6
   257 | D:1      | Reached skill level 5 in Evocations
   609 | D:1      | Reached XP level 3. HP: 17/17 MP: 7/7
   670 | D:1      | Slain by a goblin

Skill      XL: |  1  2 |
---------------+-------+-----
Evocations     | 5 |  5.2
Fighting       | |  0.7
Short Blades   | |  1.5
Throwing       | |  0.6
Dodging        | |  3.2
Stealth        | |  1.7

Action                   || total
-------------------------++-------
Melee: Short sword       ||    77
       Dagger            ||    26
Throw: Stone             ||    54
Armor: Robe              ||    16
Dodge: Dodged            ||    64
